 Dungeon Crawl Stone Soup version 0.28.0-53-g5a82cb258f (webtiles) character file.

Game seed: 3788107336094471198

892 MiltankisOP the Reanimator (level 7, -1/46 HPs)
             Began as a Mummy Necromancer on June 16, 2022.
             Was a Follower of Vehumet.
             Slain by Duvessa
             ... wielding a +6 vampiric short sword
              (16 damage)
             ... on level 6 of the Dungeon.
             The game lasted 00:26:24 (6039 turns).

MiltankisOP the Reanimator (Mummy Necromancer)      Turns: 6039, Time: 00:26:24

Health: -1/46      AC:  4    Str: 12    XL:     7   Next: 78%
Magic:  1/11       EV: 15    Int: 16    God:    Vehumet [*.....]
Gold:   286        SH:  5    Dex: 12    Spells: 6/11 levels left

rFire   x . .      SeeInvis .   f - staff of poison
rCold   + . .      Faith    .   k - +2 buckler
rNeg    + + +      Spirit   .   a - +0 robe
rPois   ∞          Reflect  .   (no helmet)
rElec   .          Harm     .   m - +0 cloak
rCorr   .          Rampage  .   i - +0 pair of gloves
Will    .....                   (no boots)
Stlth   ++........              q - amulet of magic regeneration
HPRegen 0.15/turn               n - +4 ring of evasion
MPRegen 0.52/turn               (no ring)

@: no status effects
A: cold resistance 1, negative energy resistance 3, torment resistance 2, heat
vulnerability 1, no potions
a: Renounce Religion


You were on level 6 of the Dungeon.
You worshipped Vehumet.
Vehumet was aware of your devotion.
You visited 2 branches of the dungeon, and saw 7 of its levels.

You collected 286 gold pieces.

Inventory:

Armour
 a - a +0 robe (worn)
 i - a +0 pair of gloves (worn)
 k - a +2 buckler (worn)
 m - a +0 cloak (worn)
Magical Staves
 f - a staff of poison (weapon)
Jewellery
 n - a +4 ring of evasion (left hand)
 q - an amulet of magic regeneration (around neck)
 r - an amulet of faith
Scrolls
 b - 3 scrolls of vulnerability
 c - 3 scrolls of identify
 d - a scroll of amnesia {unknown}
 e - a scroll of summoning {unknown}
 g - a scroll of torment {unknown}
 h - 4 scrolls of magic mapping
 j - a scroll of immolation {unknown}
 l - a scroll of enchant weapon {unknown}
 o - a scroll of fear {unknown}


   Skills:
 - Level 1.5 Dodging
 - Level 1.5 Stealth
 - Level 2.6 Spellcasting
 + Level 9.8 Necromancy


You had 6 spell levels left.
You knew the following spells:

 Your Spells              Type           Power      Damage    Failure   Level
a - Pain                  Necr           100%       1d9       1%          1
b - Animate Skeleton      Necr           66%        N/A       1%          1
c - Vampiric Draining     Necr           33%        2d8       1%          3

Your spell library contained the following spells:

 Spells                   Type           Power      Damage    Failure   Level
 Shock                    Conj/Air       8%         1d3       26%         1
 Animate Dead             Necr           16%        N/A       4%          4
 Agony                    Necr           33%        N/A       13%         5
 Foxfire                  Conj/Fire      8%         2x1d4     26%         1
 Conjure Flame            Conj/Fire      2%         6-21      61%         3
 Inner Flame              Hex/Fire       2%         N/A       61%         3
 Flame Wave               Conj/Fire      2%         2d4       95%         4
 Simulacrum               Ice/Necr       8%         N/A       99%         6
 Freezing Cloud           Conj/Ice/Air   1%         6-21      100%        5
 Polar Vortex             Ice            1%         N/A       100%        9


Dungeon Overview and Level Annotations

Branches:
Dungeon (6/15)             Temple (1/1) D:4

Altars:
Ashenzari
Cheibriados
Dithmenos
Elyvilon
Fedhas
Gozag
Hepliaklqana
Kikubaaqudgha
Makhleb
Nemelex Xobeh
Okawaru
Qazlal
Ru
Sif Muna
Trog
Uskayaw
Vehumet
Wu Jian
Xom
Yredelemnul
Zin
The Shining One

Shops:
D:2 =   D:3 =

Annotations:
D:6 Dowan, Duvessa


Innate Abilities, Weirdness & Mutations

You are immune to poison.
Your flesh is cold resistant. (rC+)
You are immune to negative energy. (rN+++)
You are immune to unholy pain and torment.
You are vulnerable to heat. (rF-)
You do not drink.


Message History

Aiming: Pain (safe; 1% risk of failure)
Press: ? - help, Shift-Dir - straight line, f/p - Duvessa
Aim: Duvessa, wielding a +6 vampiric short sword and wearing a +0 leather armour (moderately wounded, ally target, chance to affect: 70%) Duvessa struggles to resist.
Duvessa closely misses you.
Your black bear skeleton bites Duvessa but does no damage.
Your black bear skeleton claws Duvessa. x2
Casting: Pain (safe; 1% risk of failure)
Confirm with . or Enter, or press ? or * to list all spells.
Aiming: Vampiric Draining (safe; 1% risk of failure)
Press: ? - help, Shift-Dir - straight line, f/p - Duvessa
Aim: Duvessa, wielding a +6 vampiric short sword and wearing a +0 leather armour (heavily wounded, ally target)
You draw life force from Duvessa!
You feel life coursing into your body.
Dowan hits your black bear skeleton with a +0 dagger.
Duvessa hits you with a +6 vampiric short sword!
Your black bear skeleton bites Dowan but does no damage.
Your black bear skeleton misses Dowan.
Your black bear skeleton closely misses Dowan.
Casting: Vampiric Draining (safe; 1% risk of failure)
Confirm with . or Enter, or press ? or * to list all spells.
Aiming: Vampiric Draining (safe; 1% risk of failure)
Press: ? - help, Shift-Dir - straight line, f/p - Duvessa
Aim: Duvessa, wielding a +6 vampiric short sword and wearing a +0 leather armour (severely wounded)
You draw life force from Duvessa!
You feel life coursing into your body.
Dowan hits your black bear skeleton with a +0 dagger.
Duvessa hits you with a +6 vampiric short sword!
Your black bear skeleton closely misses Dowan. x2
Your black bear skeleton barely misses Dowan.
Casting: Vampiric Draining (safe; 1% risk of failure)
Confirm with . or Enter, or press ? or * to list all spells.
You don't have enough magic to cast this spell.
Casting: Vampiric Draining (safe; 1% risk of failure)
Confirm with . or Enter, or press ? or * to list all spells.
Aiming: Pain (safe; 1% risk of failure)
Press: ? - help, Shift-Dir - straight line, f/p - Duvessa
Aim: Duvessa, wielding a +6 vampiric short sword and wearing a +0 leather armour (almost dead, chance to affect: 70%) Duvessa struggles to resist.
Dowan says, "Stay away from my face!"
Dowan hits your black bear skeleton with a +0 dagger.
Duvessa hits you with a +6 vampiric short sword!
You die...

#.# #.#.......##.#......
#.#####.........##.#......
#e#.....#.......##.###..#.
#.#.###.#.#.............#.
#.# #.#.##....##.###.##.
#h#.###<#†##.##.[..# #.##.
#.#.....Z.##.####### #....
#.##########.# #####
#.....eZe@...#
############.# #.# ###


You could see Duvessa, Dowan (ally target) and a friendly black bear skeleton.

Vanquished Creatures
  Edmund (D:4)
  A sky beast (D:5)
  A black bear (D:6)
  2 hounds
  A jelly (D:5)
  A centaur skeleton (D:5)
  3 orc priests (D:5)
  3 iguanas
  5 orc wizards (D:5)
  6 adders
  A white imp (D:5)
  An ufetubus (D:5)
  3 worms
  A dart slug (D:5)
  2 orcs
  4 endoplasms
  3 giant cockroaches
  4 goblins
  7 hobgoblins
  6 jackals
  5 quokkas
  5 ball pythons
  8 bats
  12 frilled lizards
  10 kobolds
  6 rats
102 creatures vanquished.

Vanquished Creatures (collateral kills)
  An orc priest (D:5)
1 creature vanquished.

Vanquished Creatures (others)
  A plant (D:4)
1 creature vanquished.

Grand Total: 104 creatures vanquished

Notes
Turn   | Place    | Note
-------+----------+-------------------------------------------
     0 | D:1      | MiltankisOP the Mummy Necromancer began the quest for the
                  | Orb.
     0 | D:1      | Reached XP level 1. HP: 13/13 MP: 4/4
   317 | D:1      | Reached XP level 2. HP: 19/19 MP: 0/5
   973 | D:1      | Reached skill level 5 in Necromancy
   974 | D:1      | Reached XP level 3. HP: 23/24 MP: 4/7
  1474 | D:2      | Found a hazy altar of Hepliaklqana.
  1683 | D:2      | Found a faded altar of an unknown god.
  1773 | D:2      | Reached XP level 4. HP: 30/30 MP: 3/8
  1940 | D:2      | Found Jiotel's Jewellery Shoppe.
  2377 | D:3      | Found Fedigywk's Jewellery Shoppe.
  2740 | D:3      | Reached skill level 6 in Necromancy
  2932 | D:4      | Found a staircase to the Ecumenical Temple.
  3001 | Temple   | Entered the Ecumenical Temple
  3113 | Temple   | Became a worshipper of Vehumet
  3130 | D:4      | Learned a level 1 spell: Animate Skeleton
  3202 | D:4      | Noticed Edmund
  3563 | D:4      | Killed Edmund
  3564 | D:4      | Reached skill level 7 in Necromancy
  3564 | D:4      | Reached XP level 5. HP: 26/35 MP: 1/9
  3948 | D:4      | Reached XP level 6. HP: 25/41 MP: 5/10
  4123 | D:5      | Entered Level 5 of the Dungeon
  4670 | D:4      | Learned a level 3 spell: Vampiric Draining
  4787 | D:5      | Found a shadowy altar of Dithmenos.
  4810 | D:5      | Noticed a sky beast
  4872 | D:5      | Reached skill level 8 in Necromancy
  5036 | D:5      | Reached XP level 7. HP: 41/46 MP: 6/11
  5140 | D:5      | Reached skill level 9 in Necromancy
  6006 | D:6      | Noticed Duvessa
  6031 | D:6      | Reached * piety under Vehumet
  6031 | D:6      | Offered knowledge of Shock by Vehumet.
  6031 | D:6      | Noticed Dowan
  6039 | D:6      | Slain by Duvessa

Illustrated notes

Levels and vault maps discovered:
D:1:      dpeg_arrival_chambers_temple_mockup, layout_basic
D:2:      layout_loops_ring, serial_shops, nicolae_shop_hallway_plus,
          basic_altar, basic_ecumenical_altar
D:3:      layout_rooms, serial_shops, shop, minmay_misc_feat_encased
D:4:      layout_rooms, minmay_temple_entry_statues_pillars,
          grunt_decor_mini_mirrors, minmay_lizard_king, uniq_edmund
D:5:      layout_basic, mainiacjoe_overflow_cross_hatched
D:6:      layout_basic, serial_undead, serial_undead_a, serial_undead_d,
          serial_undead_a, serial_undead_e, serial_undead_f,
          chequers_serial_rivers_micro_d, kennysheep_generic_room_4,
          uniq_eustachio, uniq_duvessa
Temple:   dpeg_three_leaves_temple

Skill      XL: |  1  2  3  4  5  6  7 |
---------------+----------------------+-----
Necromancy     | 5 7 8 9 |  9.8
Dodging        | |  1.5
Stealth        | |  1.5
Spellcasting   | |  2.6

Action                   |  1- 3 |  4- 6 |  7- 9 || total
-------------------------+-------+-------+-------++-------
Melee: Unarmed           |     5 |       |       ||     5
       Staff             |     3 |    51 |    16 ||    70
 Cast: Pain              |    96 |   114 |    47 ||   257
       Animate Skeleton  |       |     4 |     1 ||     5
       Vampiric Draining |       |       |     2 ||     2
  Use: Scroll            |       |     5 |       ||     5
Armor: Robe              |     4 |    14 |    11 ||    29
Dodge: Dodged            |    12 |    62 |    35 ||   109
Block: Buckler           |       |    24 |    12 ||    36
